 Dungeon Crawl Stone Soup version 0.29.1-4-g47bece8355 (webtiles) character file.

Game seed: 2196580945547208513

7643 Linkola the Carver (level 10, -3/88 HPs)
             Began as a Minotaur Fighter on Nov 28, 2022.
             Was a Priest of Wu Jian.
             Shot with a bolt by a yaktaur captain (18 damage)
             ... on level 10 of the Dungeon on Dec 6, 2022.
             The game lasted 00:28:54 (8921 turns).

Linkola the Carver (Minotaur Fighter)               Turns: 8921, Time: 00:28:55

Health: -3/88      AC: 23    Str: 25    XL:     10   Next: 99%
Magic:  0/9        EV:  3    Int:  5    God:    Wu Jian [***...]
Gold:   2623       SH: 12    Dex: 10    Spells: 9/9 levels left

rFire   + . .      SeeInvis .   b - +9 double sword of the Wasteland {protect, Will+}
rCold   + . .      Faith    .   y - +3 kite shield
rNeg    . . .      Spirit   +   n - +1 crystal plate armour of Gehenna {Contam rElec rCorr Stlth+}
rPois   .          Reflect  .   x - +0 hat
rElec   +          Harm     .   o - scarf {rC+ rF+}
rCorr   +          Rampage  .   (no gloves)
Will    +....                   j - +2 pair of boots
Stlth   ..........              t - amulet of guardian spirit
HPRegen 0.24/turn               u - ring of flight
MPRegen 0.11/turn               (no ring)

@: flying
A: horns 2, retaliatory headbutt
a: Renounce Religion, Wall Jump, Serpent's Lash


You were on level 10 of the Dungeon.
You worshipped Wu Jian.
Wu Jian was most pleased with you.
You visited 1 branch of the dungeon, and saw 10 of its levels.

You collected 2623 gold pieces.

Inventory:

Hand Weapons
 b - the +9 double sword of the Wasteland (weapon) {protect, Will+}
   (You acquired it on level 2 of the Dungeon)

   It grants its wielder temporary protection when it strikes (+7 to AC).
   Will:      It increases your willpower.
Missiles
 c - 3 throwing nets
 e - 2 poisoned darts (quivered)
 A - 3 boomerangs
Armour
 j - a +2 pair of boots (worn)
 n - the +1 crystal plate armour of Gehenna (worn) {Contam rElec rCorr Stlth+}
   (You acquired it on level 2 of the Dungeon)

   rElec:     It insulates you from electricity.
   Contam:    It causes magical contamination when unequipped.
   rCorr:     It protects you from acid and corrosion.
   Stlth:     It makes you more stealthy.
 o - a scarf of resistance (worn)
 x - a +0 hat (worn)
 y - a +3 kite shield (worn)
Jewellery
 l - a +6 ring of intelligence
 t - an amulet of guardian spirit (around neck)
 u - a ring of flight (left hand)
Wands
 a - a wand of flame (8)
 m - a wand of acid (17)
 p - a wand of digging (11)
 B - a wand of mindburst (11)
Scrolls
 r - a scroll of poison
 z - a scroll of identify
 C - 3 scrolls of teleportation
Potions
 d - 4 potions of might
 f - a potion of berserk rage
 g - 5 potions of ambrosia
 h - 5 potions of heal wounds
 i - 5 potions of curing
 k - 3 potions of haste
 q - 4 potions of flight
 s - a potion of resistance
 v - a potion of brilliance


   Skills:
 + Level 8.0 Fighting
 + Level 13.0 Long Blades
 + Level 3.1 Maces & Flails
 * Level 7.6 Throwing
 + Level 8.2 Armour
 + Level 1.2 Dodging
 + Level 7.2 Shields


You had 9 spell levels left.
You didn't know any spells.
Your spell library contained the following spells:

 Spells                   Type           Power      Damage    Failure   Level
 Shock                    Conj/Air       0%         1d3       100%        1
 Slow                     Hex            0%         N/A       100%        1
 Sublimation of Blood     Necr           0%         N/A       100%        2
 Wereblood                Tmut           0%         N/A       100%        2
 Confusing Touch          Hex            0%         N/A       100%        3
 Swiftness                Air            0%         N/A       100%        3
 Vampiric Draining        Necr           0%         2d6       100%        3
 Airstrike                Air            0%         2d(0-16)  100%        4
 Summon Hydra             Summ           0%         N/A       100%        7


Dungeon Overview and Level Annotations

Branches:
Dungeon (10/15)            Temple (0/1) D:5            Lair (0/5) D:9
    Orc: D:9-12

Altars:
Cheibriados
Dithmenos
Fedhas
Gozag
Makhleb
Nemelex Xobeh
Wu Jian
Xom
Yredelemnul

Shops:
D:3 =(   D:7 :


Innate Abilities, Weirdness & Mutations

You have a pair of horns on your head.
You reflexively headbutt those who attack you in melee.


Message History

Found a potion of degeneration.
There is an open door here.
Done exploring.
There is an escape hatch in the floor here.
You fly downwards.
The hatch slams shut behind you.
You reach down and open the door.
A yaktaur captain comes into view.
The yaktaur captain shouts!
The yaktaur captain moves out of view.
Found 4 atropa-tipped darts and a knobbly runed staff.
Found 38 gold pieces and a large iron ring.
The yaktaur captain wields a +0 arbalest.
The yaktaur captain shoots a bolt.
The bolt hits you!!
There is an open door, spattered with blood here.
Found a potion of heal wounds.
The yaktaur captain shoots a bolt.
The bolt hits you but does no damage.
The yaktaur captain shoots a bolt.
The bolt hits you!
The yaktaur captain shoots a bolt.
You block the bolt.
You see here 4 atropa-tipped darts.
Throw: 3 darts (poison)
Press: ? - help, Q - select action, (/) - cycle Shift-Dir - straight line, f - yaktaur captain
Aim: a yaktaur captain, wielding a +0 arbalest (81% to hit)
You throw a poisoned dart.
The poisoned dart hits the yaktaur captain!
The yaktaur captain is poisoned.
The yaktaur captain shoots a bolt.
The bolt hits you!!
The yaktaur captain shoots a bolt.
You block the bolt.
The yaktaur captain shoots a bolt.
The bolt hits you but does no damage.
The yaktaur captain shoots a bolt.
The bolt hits you but does no damage.
The yaktaur captain shoots a bolt.
You block the bolt.
There is an open door, spattered with blood here.
You reach down and open the door.
A centaur warrior comes into view.
The centaur warrior shouts!
You hear a shout!
A two-headed ogre comes into view.
It is wielding a +0 dire flail and a +0 giant spiked club.
The centaur warrior wields a +0 longbow.
The centaur warrior shoots an arrow.
The arrow hits you!!
* * * LOW HITPOINT WARNING * * *
The yaktaur captain shoots a bolt.
The bolt hits you!!
You die...

#+## ....#
###+# ....!
###...#
......###.....#
c.....#.......#
O⌠....'...⌠...+
#@......#
###.....#
###...# ####c#
#$...# ###....#
#$.....#
#.....(#
=c....###


You could see a yaktaur captain (poisoned), a centaur warrior and a two-headed
ogre.

Vanquished Creatures
  Gastronok (D:8)
  Maggie (D:6)
  A komodo dragon (D:9)
  A troll (D:9)
  3 wyverns
  5 steam dragons
  Duvessa (D:4)
  4 water moccasins
  4 ice beasts
  A sky beast (D:7)
  An orc warrior (D:8)
  3 black bears
  5 centaurs
  An ogre (D:4)
  Blork the orc (D:5)
  4 bullfrogs
  3 gnoll sergeants
  10 scorpions
  8 wights
  Dowan (D:4)
  5 killer bees (D:8)
  5 howler monkeys
  2 orc priests
  3 hounds
  6 jellies
  3 iguanas
  Ijyb (D:3)
  Terence (D:2)
  7 orc wizards
  Robin (D:2)
  15 gnolls
  5 adders
  A shadow imp (D:5)
  2 ufetubi
  A worm (D:4)
  7 dart slugs
  23 orcs
  6 ball pythons
  7 endoplasms
  3 giant cockroaches
  14 goblins
  10 hobgoblins
  4 jackals (D:2)
  4 quokkas
  6 bats
  4 frilled lizards
  10 kobolds
  4 rats
219 creatures vanquished.

Vanquished Creatures (others)
  17 fungi (D:9)
  29 plants
46 creatures vanquished.

Grand Total: 265 creatures vanquished

Notes
Turn   | Place    | Note
-------+----------+-------------------------------------------
     0 | D:1      | Linkola the Minotaur Fighter began the quest for the Orb.
     0 | D:1      | Reached XP level 1. HP: 19/19 MP: 0/0
    74 | D:1      | Found a faded altar of an unknown god.
   178 | D:1      | Reached XP level 2. HP: 27/27 MP: 1/1
   647 | D:2      | Noticed Terence
   941 | D:2      | Identified 3 scrolls of acquirement
   941 | D:2      | Acquired the +1 crystal plate armour of Gehenna {Contam
                  | rElec rCorr Stlth+}
   954 | D:2      | Acquired 950 gold pieces
   956 | D:2      | Acquired the +9 double sword of the Wasteland {protect,
                  | Will+}
   972 | D:2      | Reached skill level 1 in Throwing
   986 | D:2      | Reached XP level 3. HP: 31/33 MP: 2/2
  1064 | D:2      | Killed Terence
  1065 | D:2      | Reached XP level 4. HP: 39/40 MP: 3/3
  1104 | D:2      | Reached skill level 1 in Long Blades
  1278 | D:2      | Noticed Robin
  1290 | D:2      | Killed Robin
  1291 | D:2      | Reached skill level 1 in Dodging
  1647 | D:3      | Reached XP level 5. HP: 46/46 MP: 4/4
  1717 | D:3      | Found a shimmering altar of Xom.
  1743 | D:3      | Noticed Ijyb
  1750 | D:3      | Killed Ijyb
  1751 | D:3      | Reached skill level 2 in Long Blades
  1948 | D:3      | Found Tusir's Jewellery Boutique.
  1956 | D:3      | Found Rotihat's Weapon Emporium.
  2200 | D:3      | Found an ornate altar of the Wu Jian Council.
  2216 | D:3      | Became a worshipper of the Wu Jian Council
  2776 | D:4      | Reached skill level 3 in Long Blades
  2813 | D:4      | Reached * piety under Wu Jian
  2857 | D:4      | Identified the +1 leather armour of Mezcal {rF+ rN+}
  2868 | D:4      | Noticed Duvessa
  2869 | D:4      | Noticed Dowan
  2880 | D:4      | Killed Duvessa
  2881 | D:4      | Reached skill level 4 in Long Blades
  2881 | D:4      | Reached XP level 6. HP: 50/52 MP: 5/5
  2895 | D:4      | Killed Dowan
  2896 | D:4      | Reached skill level 5 in Armour
  3111 | D:4      | Reached skill level 5 in Long Blades
  3140 | D:4      | Reached XP level 7. HP: 60/60 MP: 6/6
  3630 | D:4      | Reached skill level 6 in Long Blades
  3631 | D:4      | Found a basalt altar of Yredelemnul.
  3632 | D:4      | Found a sparkling altar of Nemelex Xobeh.
  3916 | D:5      | Entered Level 5 of the Dungeon
  3916 | D:5      | Noticed Blork the orc
  3919 | D:5      | Killed Blork the orc
  3920 | D:5      | Found a staircase to the Ecumenical Temple.
  4208 | D:5      | Reached skill level 7 in Long Blades
  4235 | D:5      | Identified the +6 mace "Qecs" {spect, Int+7}
  4381 | D:5      | Reached skill level 5 in Fighting
  4381 | D:5      | Reached XP level 8. HP: 55/68 MP: 4/7
  4466 | D:5      | Found a snail-covered altar of Cheibriados.
  4999 | D:6      | Reached skill level 8 in Long Blades
  5219 | D:6      | Reached ** piety under Wu Jian
  5548 | D:6      | Acquired 928 gold pieces
  5600 | D:6      | Reached skill level 5 in Throwing
  5820 | D:6      | Reached skill level 5 in Shields
  5829 | D:6      | Upgraded the game from 0.29.1-2-gbd0b4ee654 to
                  | 0.29.1-4-g47bece8355
  5942 | D:6      | Found a burning altar of Makhleb.
  5954 | D:6      | Noticed Maggie
  5960 | D:6      | Killed Maggie
  5961 | D:6      | Reached skill level 9 in Long Blades
  5961 | D:6      | Reached XP level 9. HP: 75/75 MP: 8/8
  6128 | D:7      | You are sucked into a shaft and drop 1 floor!
  6144 | D:8      | Noticed Gastronok
  6163 | D:8      | Reached skill level 10 in Long Blades
  6175 | D:8      | Killed Gastronok
  6176 | D:8      | Reached skill level 11 in Long Blades
  6400 | D:8      | Reached XP level 10. HP: 81/84 MP: 9/9
  6536 | D:8      | Found a blossoming altar of Fedhas.
  6575 | D:7      | Found a shadowy altar of Dithmenos.
  6708 | D:7      | Found Jops's Book Shoppe.
  6940 | D:7      | Found an opulent altar of Gozag.
  7064 | D:7      | Reached *** piety under Wu Jian
  7485 | D:8      | Reached skill level 12 in Long Blades
  8491 | D:9      | Reached skill level 13 in Long Blades
  8560 | D:9      | Found a staircase to the Lair.
  8899 | D:10     | Entered Level 10 of the Dungeon
  8904 | D:10     | Noticed a yaktaur captain
  8921 | D:10     | Noticed a centaur warrior
  8921 | D:10     | Noticed a two-headed ogre
  8921 | D:10     | Shot with a bolt by a yaktaur captain

Illustrated notes

Levels and vault maps discovered:
D:1:      lemuel_arrival_behind_the_door_large, layout_loops_cross,
          shapermc_ecumenical_altar_starsandcircs
D:2:      layout_rooms, minmay_misc_feat_secret_circle, uniq_robin, uniq_terence
D:3:      layout_basic, mainiacjoe_overflow_alcove_4,
          mainiacjoe_overflow_catwalk, serial_forest,
          infiniplex_forest_end_double, infiniplex_forest_end_2,
          infiniplex_forest_lined_3, infiniplex_forest_straight_2,
          infiniplex_forest_lined_ring, infiniplex_forest_3_way, serial_shops,
          shop, shop_statue, grunt_ministairs_11, uniq_ijyb
D:4:      minmay_general_purpose_star, layout_loops_corners,
          nicolae_overflow_two_pavilions, minmay_quantized, uniq_duvessa
D:5:      layout_gridville, mainiacjoe_overflow_concentric_impassable,
          minmay_temple_entry_waves, uniq_blork_the_orc
D:6:      layout_rooms, mainiacjoe_overflow_tiny_flanked, kennysheep_donut,
          uniq_maggie
D:7:      minmay_inner_zag, layout_loops_corners, kennysheep_mini_moat,
          grunt_dithmenos_smoke_and_mirrors, serial_shops,
          nicolae_shop_waterfront
D:8:      layout_basic, lemuel_crystal_altar, enter_bailey_3,
          minmay_misc_feat_tiny, uniq_gastronok
D:9:      layout_stronghold, due_lair_maze_entry_diamond
D:10:     layout_basic, nicolae_rejected_hall

Skill      XL: |  1  2  3  4  5  6  7  8  9 10 |
---------------+-------------------------------+-----
Armour         | 4 5 6 7 8 |  8.2
Throwing       | 1 2 3 5 6 7 |  7.6
Maces & Flails | 3 |  3.1
Shields        | 4 5 6 7 |  7.2
Fighting       | 4 5 6 8 |  8.0
Long Blades    | 1 4 5 7 9 11 13 | 13.0
Dodging        | 1 |  1.2

Action                   |  1- 3 |  4- 6 |  7- 9 | 10-12 || total
-------------------------+-------+-------+-------+-------++-------
Melee: Flail             |    26 |       |       |       ||    26
       Headbutt          |    10 |    13 |    22 |    32 ||    77
       Double sword      |    26 |   121 |   141 |   160 ||   448
Throw: Dart              |    17 |    23 |    24 |     3 ||    67
Invok: Lunge             |       |    10 |    10 |    28 ||    48
       Whirlwind         |       |       |     3 |     9 ||    12
 Abil: Wall Jump         |       |       |       |     1 ||     1
  Use: Scroll            |     4 |     6 |     8 |     5 ||    23
Armor: Scale mail        |    11 |       |       |       ||    11
       Crystal plate arm |    25 |   101 |   124 |   100 ||   350
Dodge: Dodged            |    15 |    20 |    22 |    18 ||    75
Block: Buckler           |    12 |    12 |    25 |       ||    49
       Kite shield       |       |       |    32 |   100 ||   132
